 Dungeon Crawl Stone Soup version 0.32-a0-999-gfa1cc04b1d (webtiles) character file.

Game seed: 1142493458039960358

2991 DrKenneth the Fighter (level 9, -4/74 (82) HPs)
             Began as a Minotaur Fighter on Apr 25, 2024.
             Was a Believer of Makhleb.
             Slain by a wight
             ... wielding a +1 scimitar
              (9 damage)
             ... on level 8 of the Dungeon.
             The game lasted 00:23:21 (7509 turns).

DrKenneth the Fighter (Minotaur Fighter)            Turns: 7509, Time: 00:23:22

HP:   -4/74 (82)    AC: 12    Str: 26    XL:     9   Next: 54%
MP:   8/8           EV:  9    Int:  5    God:    Makhleb [**....]
Gold: 378           SH:  0    Dex:  9    Spells: 8/8 levels left

rFire   . . .        y - +1 dire flail
rCold   + . .        (shield currently unavailable)
rNeg    + . .        b - +0 scale mail
rPois   .            (helmet restricted)
rElec   .            (no cloak)
rCorr   .            j - +1 pair of gloves
SInv    .            w - +0 pair of boots
Will    .....        (no amulet) Stlth
                     q - ring of positive energy
HPRegen 0.32/turn    B - ring of protection from cold
MPRegen 0.11/turn

%: no passive effects
@: drained
A: horns 2, retaliatory headbutt
a: Renounce Religion, Minor Destruction


You were on level 8 of the Dungeon.
You worshipped Makhleb.
Makhleb was pleased with you.
You visited 2 branches of the dungeon, and saw 9 of its levels.
You also visited: Sewer.

You collected 378 gold pieces.

Inventory:

Hand Weapons
 a - a +1 war axe
 y - a +1 dire flail (weapon)
Armour
 b - a +0 scale mail (worn)
 c - a +0 buckler
 j - a +1 pair of gloves (worn)
 w - a +0 pair of boots (worn)
Jewellery
 q - a ring of positive energy (left hand)
 B - a ring of protection from cold (right hand)
 D - a ring of fire
Wands
 u - a wand of mindburst (17)
 C - a wand of roots (12)
Scrolls
 f - 3 scrolls of teleportation
 g - a scroll of noise
 l - 3 scrolls of vulnerability
 n - a scroll of enchant weapon
 o - 8 scrolls of identify
Potions
 d - 2 potions of might
 e - 4 potions of invisibility
 h - a potion of berserk rage {unknown}
 i - a potion of mutation {unknown}
 m - a potion of ambrosia {unknown}
 p - 4 potions of enlightenment
 r - 3 potions of curing
 s - 4 potions of heal wounds
 t - a potion of resistance {unknown}
 v - a potion of lignification {unknown}
 x - a potion of brilliance {unknown}
 z - 2 potions of attraction {unknown}


   Skills:
 + Level 8.8 Fighting
 + Level 8.3(8.4) Axes
 + Level 1.2(5.3) Maces & Flails
 + Level 8.7 Armour
 + Level 8.6 Shields
 + Level 0.9 Invocations


You had 8 spell levels left.
You didn't know any spells.
Your spell library contained the following spells:

 Spells                   Type           Power      Damage    Failure   Level
 Animate Armour           Summ/Erth      0%         N/A       100%        4
 Lee's Rapid Deconstruct  Erth           0%         3d4*      100%        5
 Magnavolt                Erth/Air       0%         3d9       100%        7


Dungeon Overview and Level Annotations

Branches:
Dungeon (8/15)             Temple (1/1) D:4           Sewer (visited)
   Lair: D:8-11

Altars:
Cheibriados
Dithmenos
Elyvilon
Fedhas
Gozag
Hepliaklqana
Kikubaaqudgha
Makhleb
Okawaru
Qazlal
Ru
Sif Muna
Trog
Uskayaw
Vehumet
Xom
Yredelemnul
Zin

Shops:
D:7 ?((

Annotations:
D:8 1 transporter


Innate Abilities, Weirdness & Mutations

You have a pair of horns on your head.
You reflexively headbutt those who attack you in melee.


Message History

The wight barely misses you. You furiously retaliate!
You headbutt the wight. The wight hits you but does no damage.
The wight hits you with a +1 scimitar! You partially resist.
You feel drained. The wight hits you but does no damage.
The wight hits you with a +1 scimitar. You partially resist.
You feel drained.
The wight barely misses you. x2; You furiously retaliate!
You headbutt the wight! The wight misses you.
You hit the wight.
The wight is lightly damaged.
The wight barely misses you. You furiously retaliate!
You headbutt the wight! The wight barely misses you. You furiously retaliate!
You headbutt the wight! The wight hits you but does no damage.
You thump the wight!
You destroy the wight!
Makhleb accepts your kill. The wight hits you with a +0 mace.
You partially resist.
You feel drained. The wight barely misses you.
The wight hits you but does no damage.
You barely miss the wight. The wight hits you with a +4 scimitar!
You partially resist.
You feel drained. The wight barely misses you. You furiously retaliate!
You headbutt the wight. The wight closely misses you.
The wight hits you but does no damage.
You closely miss the wight.
The wight is almost destroyed.
The wight hits you but does no damage. The wight hits you with a +1 scimitar.
The wight barely misses you. The wight hits you with a +4 scimitar!
* * * LOW HITPOINT WARNING * * *
You partially resist.
You feel drained.
You closely miss the wight.
The wight is almost destroyed.
The wight hits you but does no damage. The wight hits you with a +1 scimitar.
* * * LOW HITPOINT WARNING * * *
You partially resist.
You feel drained.
The wight hits you but does no damage. x2
You hit the wight.
You destroy the wight!
Makhleb accepts your kill.
You feel better. The wight hits you with a +4 scimitar!
* * * LOW HITPOINT WARNING * * *
You partially resist.
You feel drained.
* * * LOW HITPOINT WARNING * * *
The wight hits you but does no damage. The wight hits you with a +1 scimitar!
You die...

.>....##
##...##
...##.
#...<#..
#.[.. ..
#....#.
#.....#.#.
#.###.#... .
# #..# ###.
#..# .....
#.)#z.....
#.@z.#
.......)z...#
.#......#####
####....
#.... #....#
#....# #....#


You could see 3 wights.

Vanquished Creatures
  A hornet (D:6)
  A wraith (D:7)
  A wyvern (D:6)
  Menkaure (D:6)
  A water moccasin (D:6)
  An orc warrior (D:6)
  An ice beast (D:5)
  3 centaurs
  A phantom (D:6)
  2 kobold brigands
  3 scorpions
  5 wights
  5 killer bees (D:6)
  A jelly (D:6)
  A bombardier beetle (D:3)
  5 orc priests
  5 hounds
  Ijyb (D:5)
  4 sleepcaps
  5 iguanas
  4 orc wizards
  Robin (D:2)
  A river rat (Sewer)
  8 adders
  7 gnolls
  A shadow imp (D:7)
  A white imp (D:6)
  4 ribbon worms
  2 dart slugs
  17 orcs
  4 endoplasms
  5 giant cockroaches
  15 goblins
  13 hobgoblins
  16 kobolds
  7 ball pythons
  4 bats
  4 frilled lizards
  9 rats
171 creatures vanquished.

Vanquished Creatures (others)
  A goblin (D:4)
1 creature vanquished.

Grand Total: 172 creatures vanquished

Notes
Turn   | Place    | Note
-------+----------+-------------------------------------------
     0 | D:1      | DrKenneth the Minotaur Fighter began the quest for the Orb.
     0 | D:1      | Reached XP level 1. HP: 19/19 MP: 0/0
   194 | D:1      | Reached XP level 2. HP: 27/27 MP: 1/1
  1127 | D:2      | Reached XP level 3. HP: 33/33 MP: 2/2
  1171 | D:2      | Noticed Robin
  1179 | D:2      | Killed Robin
  1188 | D:2      | Reached XP level 4. HP: 41/41 MP: 3/3
  1593 | D:3      | You fall into a shaft and drop 3 floors!
  1639 | D:6      | Reached XP level 5. HP: 20/47 MP: 4/4
  1694 | D:6      | Noticed a centaur
  1710 | D:6      | Killed a centaur
  1711 | D:6      | Reached skill level 5 in Fighting
  1711 | D:6      | Reached skill level 5 in Armour
  1711 | D:6      | Reached skill level 5 in Shields
  1711 | D:6      | Reached XP level 6. HP: 16/56 MP: 5/5
  1776 | D:6      | Noticed a wyvern
  1781 | D:6      | Killed a wyvern
  1967 | D:6      | Reached skill level 5 in Axes
  1967 | D:6      | Reached XP level 7. HP: 49/62 MP: 6/6
  2024 | D:6      | Found a glowing drain.
  2036 | Sewer    | Entered a sewer
  2175 | Sewer    | Found a white marble altar of Elyvilon.
  2410 | D:5      | Entered Level 5 of the Dungeon
  2483 | D:5      | Found a stormy altar of Qazlal.
  2751 | D:4      | Found a staircase to the Ecumenical Temple.
  2759 | Temple   | Entered the Ecumenical Temple
  2764 | Temple   | Became a worshipper of Makhleb the Destroyer
  3719 | D:4      | Reached XP level 8. HP: 61/71 MP: 7/7
  4375 | D:5      | Reached * piety under Makhleb
  4719 | D:5      | Noticed Ijyb
  4731 | D:5      | Killed Ijyb
  5483 | D:6      | Noticed Menkaure
  5490 | D:6      | Killed Menkaure
  6007 | D:7      | Found Zogisip's Weapon Boutique.
  6249 | D:7      | Noticed a hornet
  6254 | D:6      | Reached XP level 9. HP: 38/81 MP: 8/8
  6762 | D:6      | Reached ** piety under Makhleb
  6902 | D:7      | Found Udiczal's Weapon Shoppe.
  7106 | D:7      | Identified the +9 great sword "Dujesi Qala" {freeze, rC+
                  | Will- Str+2 Int+2}
  7146 | D:7      | Identified the +2 leather armour of Titofoff {Regen+ Dex+2
                  | Slay+3}
  7274 | D:7      | Found a shimmering blue altar of Sif Muna.
  7274 | D:7      | Found a glowing silver altar of Zin.
  7274 | D:7      | Found a blossoming altar of Fedhas.
  7274 | D:7      | Found an opulent altar of Gozag.
  7280 | D:7      | Found an iron altar of Okawaru.
  7280 | D:7      | Found a hide-covered altar of Uskayaw.
  7332 | D:7      | Reached skill level 1 in Maces & Flails
  7361 | D:7      | Found a bloodstained altar of Trog.
  7366 | D:7      | Found Vaaroxuto's Magic Scroll Shoppe.
  7477 | D:8      | Noticed a two-headed ogre
  7477 | D:8      | Found a transporter.
  7509 | D:8      | Slain by a wight

Illustrated notes

Levels and vault maps discovered:
D:1:      nicolae_arrival_memento_mori, layout_basic, kennysheep_small_spiral,
          wander_ebering_terrifying_dragon_lair
D:2:      layout_basic, uniq_robin
D:3:      layout_basic, chequers_serial_rivers_small_3, kennysheep_minor_cross,
          minmay_pentangle
D:4:      layout_cave_pools, minmay_temple_entry_proselytizer
D:5:      layout_gridville, mainiacjoe_overflow_surrounded_room,
          minmay_misc_feat_pillars, uniq_ijyb
D:6:      layout_gridville, cheibrodos_sewer_entry_drain, uniq_menkaure
D:7:      layout_rooms, mainiacjoe_overflow_small_starburst,
          minmay_overflow_temple_hex, serial_shops,
          nicolae_shop_tiny_statue_garden, nicolae_shop_getting_attention,
          nicolae_shop_bloodbath_and_beyond, dk_noncrumbling_4
D:8:      layout_rooms, nzn_ghost_randoct
Temple:   hellmonk_temple_micro_hex

Skill      XL: |  1  2  3  4  5  6  7  8  9 |
---------------+----------------------------+-----
Fighting       | 4 5 6 8 |  8.8
Shields        | 4 5 6 7 8 |  8.6
Armour         | 4 5 6 7 8 |  8.7
Axes           | 3 4 5 6 7 8 |  8.3
Maces & Flails | 1 |  1.2
Invocations    | |  0.9

Action                     |  1- 3 |  4- 6 |  7- 9 || total
---------------------------+-------+-------+-------++-------
  Melee: War axe           |    73 |    64 |   249 ||   386
         Headbutt          |    10 |     9 |    50 ||    69
         Dire flail        |       |       |    28 ||    28
    Use: Scroll            |       |     1 |     9 ||    10
         Potion            |       |       |     1 ||     1
 Armour: Scale mail        |    65 |    66 |   293 ||   424
  Dodge: Dodged            |    42 |    36 |   145 ||   223
  Block: Buckler           |    19 |    15 |    68 ||   102

Table legend: (Time is in decaauts)
 A = Elapsed time spent in this place.
 B = Non-inter-level travel time spent in this place.
 C = Inter-level travel time spent in this place.
 D = Time resting spent in this place.
 E = Time spent auto-exploring this place.
 F = Levels seen in this place.
 G = Mean time per level.
                   A        B        C        D        E       F      G
               +--------+--------+--------+--------+--------+-----+--------+
         Total |   7672 |   6752 |    920 |   1357 |   4169 |  10 |  767.2 |
       Dungeon |   7381 |   6469 |    912 |   1357 |   4025 |   8 |  922.6 |
        Temple |     10 |      2 |      8 |      0 |      0 |   1 |   10.0 |
         Sewer |    280 |    280 |      0 |      0 |    144 |   1 |  280.0 |
               +--------+--------+--------+--------+--------+-----+--------+

Top non-repeatable levels by time:
     D:6: 2364 daAuts
     D:3: 1090 daAuts
     D:5: 993 daAuts
     D:1: 901 daAuts
     D:4: 756 daAuts
     D:7: 677 daAuts
     D:2: 583 daAuts
   Sewer: 280 daAuts
     D:8: 13 daAuts
  Temple: 10 daAuts
